 Dungeon Crawl Stone Soup version 0.31-a0-1027-gfb7600b534 (webtiles) character file.

Game seed: 9600558843912780035

257 Avanven the Conjurer (level 5, -1/28 HPs)
             Began as a Deep Elf Conjurer on Nov 18, 2023.
             Killed from afar by Ijyb (12 damage)
             ... with a bolt of light
             ... on level 4 of the Dungeon.
             The game lasted 00:11:35 (3830 turns).

Avanven the Conjurer (Deep Elf Conjurer)            Turns: 3830, Time: 00:11:36

Health: -1/28      AC:  3    Str:  4    XL:     5   Next: 93%
Magic:  5/14       EV: 12    Int: 25    God:
Gold:   209        SH:  0    Dex: 13    Spells: 7/14 levels left

rFire   . . .        f - +1 short sword (drain)
rCold   . . .        (no shield)
rNeg    . . .        a - +1 robe
rPois   .            (no helmet)
rElec   .            c - scarf {repulsion}
rCorr   .            (no gloves)
SInv    .            (no boots)
Will    .....        (no amulet)
Stlth   ++           (no ring)
HPRegen 0.24/turn    (no ring)
MPRegen 0.14/turn

%: repel missiles
@: no status effects
A: no striking features
a: no special abilities


You were on level 4 of the Dungeon.
You visited 1 branch of the dungeon, and saw 4 of its levels.

You collected 209 gold pieces.

Inventory:

Hand Weapons
 f - a +1 short sword of draining (weapon)
Armour
 a - a +1 robe (worn)
 c - a scarf of repulsion (worn)
Magical Staves
 i - a staff of cold
 j - a staff of poison
Scrolls
 d - 2 scrolls of blinking
 e - a scroll of fog
 n - a scroll of vulnerability
Potions
 b - a potion of magic
 g - 4 potions of curing
 k - a potion of lignification {unknown}
 l - a potion of degeneration {unknown}
 m - a potion of mutation {unknown}


   Skills:
 - Level 2.4 Dodging
 - Level 2.4 Stealth
 - Level 5.0 Spellcasting
 * Level 6.8 Conjurations
 + Level 1.0 Translocations
 + Level 1.0 Poison Magic


You had 7 spell levels left.
You knew the following spells:

 Your Spells              Type           Power      Damage    Failure   Level
a - Magic Dart            Conj           100%       1d8       1%          1
b - Searing Ray           Conj           80%        2d7       1%          2
c - Iskenderun's Mystic   Conj/Tloc      26%        2d7       16%         4

Your spell library contained the following spells:

 Spells                   Type           Power      Damage    Failure   Level
 Kiss of Death            Conj/Necr      92%        2d12      1%          1
 Dazzling Flash           Conj/Hex       46%        N/A       6%          3
 Lesser Beckoning         Tloc           22%        N/A       9%          2
 Gell's Gravitas          Tloc           11%        N/A       16%         3
 Teleport Other           Tloc           11%        N/A       16%         3
 Flame Wave               Conj/Fire      23%        2d8       21%         4
 Fulminant Prism          Conj/Hex       11%        3d9       21%         4
 Sticky Flame             Conj/Fire      23%        2d4       21%         4
 Confusing Touch          Hex            6%         N/A       24%         3
 Inner Flame              Hex/Fire       6%         N/A       24%         3
 Dispel Undead            Necr           6%         3d8       63%         4


Dungeon Overview and Level Annotations

Branches:
Dungeon (4/15)
 Temple: D:4-7

Altars:
Gozag
Kikubaaqudgha
Nemelex Xobeh
Xom

Annotations:
D:3 2 runed translucent doors, Gynju's ghost, amateur FoHu
D:4 Ijyb


Message History

Press: ? - help, Shift-Dir - straight line, f/p - Ijyb
Aim: Ijyb, wielding a +0 club, wearing a +2 leather armour of fire resistance and carrying a wand of light (lightly wounded, 100% to hit)
The magic dart hits Ijyb but does no damage.
Ijyb is lightly wounded.
Ijyb zaps a wand.
The bolt of light hits you!!
Ouch! That really hurt!
A ball python comes into view.
Casting: Magic Dart (safe; 1% risk of failure)
Confirm with . or Enter, or press ? or * to list all spells.
Aiming: Magic Dart (safe; 1% risk of failure)
Press: ? - help, Shift-Dir - straight line, f/p - Ijyb
Aim: Ijyb, wielding a +0 club, wearing a +2 leather armour of fire resistance and carrying a wand of light (lightly wounded, 100% to hit)
The magic dart hits Ijyb but does no damage.
Ijyb is lightly wounded.
Casting: Magic Dart (safe; 1% risk of failure)
Confirm with . or Enter, or press ? or * to list all spells.
Aiming: Magic Dart (safe; 1% risk of failure)
Press: ? - help, Shift-Dir - straight line, f/p - Ijyb
Aim: Ijyb, wielding a +0 club, wearing a +2 leather armour of fire resistance and carrying a wand of light (lightly wounded, 100% to hit)
The magic dart hits Ijyb but does no damage.
Ijyb is lightly wounded.
Casting: Magic Dart (safe; 1% risk of failure)
Confirm with . or Enter, or press ? or * to list all spells.
Aiming: Magic Dart (safe; 1% risk of failure)
Press: ? - help, Shift-Dir - straight line, f/p - Ijyb
Aim: Ijyb, wielding a +0 club, wearing a +2 leather armour of fire resistance and carrying a wand of light (lightly wounded, 100% to hit)
The magic dart hits Ijyb.
Ijyb is moderately wounded.
Casting: Magic Dart (safe; 1% risk of failure)
Confirm with . or Enter, or press ? or * to list all spells.
Aiming: Searing Ray (safe; 1% risk of failure)
Press: ? - help, Shift-Dir - straight line, f - ball python, p - Ijyb
Aim: a ball python (80% to hit)
The searing ray hits Ijyb.
Ijyb is heavily wounded.
The searing ray hits the ball python.
You kill the ball python! (Press . to maintain the ray.) Ijyb zaps a wand.
The bolt of light hits you!
You die...

.##..#....# #...#.....
.##....#.####...#..# .
.....######.......# .##.
..##..##.......#..###....
......#........##.....#
.#.............#......#
.......#..#......##..##
.....#.#..#........>..##
....##..........@.)....#
....#...).........#....#
................g.....##
..#.#...###....##=##..#
..##....# #.#####.. .##
.....##.... #... .
.##...# . ... ##). .. .
#...> .. #.. ....# ..


You could see Ijyb.

Vanquished Creatures
  A bullfrog (D:3)
  A hound (D:4)
  2 gnolls
  8 adders
  2 worms (D:2)
  6 bats
  3 endoplasms
  3 giant cockroaches (D:1)
  6 goblins
  6 hobgoblins
  4 jackals (D:1)
  3 quokkas
  9 ball pythons
  4 frilled lizards
  8 kobolds
  6 rats
72 creatures vanquished.

Notes
Turn   | Place    | Note
-------+----------+-------------------------------------------
     0 | D:1      | Avanven the Deep Elf Conjurer began the quest for the Orb.
     0 | D:1      | Reached XP level 1. HP: 10/10 MP: 6/6
    92 | D:1      | Found a faded altar of an unknown god.
   165 | D:1      | Reached XP level 2. HP: 15/15 MP: 0/8
   499 | D:1      | Reached skill level 5 in Conjurations
   536 | D:1      | Learned a level 2 spell: Searing Ray
   790 | D:1      | Reached XP level 3. HP: 19/19 MP: 5/10
  1387 | D:2      | Reached XP level 4. HP: 24/24 MP: 3/12
  2324 | D:2      | Reached skill level 6 in Conjurations
  2749 | D:3      | Noticed a bullfrog
  2779 | D:2      | Learned a level 4 spell: Iskenderun's Mystic Blast
  2789 | D:3      | Killed a bullfrog
  2790 | D:3      | Reached skill level 5 in Spellcasting
  2790 | D:3      | Reached XP level 5. HP: 24/28 MP: 5/14
  3141 | D:3      | Found a runed translucent door.
  3167 | D:3      | Found a runed translucent door.
  3168 | D:3      | Noticed Gynju's ghost (amateur FoHu)
  3240 | D:3      | Found the +2 hat of the Bear Spirit {Spirit, Bear, *Rage
                  | Will++}
  3280 | D:3      | You fall into a shaft and drop 1 floor!
  3280 | D:4      | Found an opulent altar of Gozag.
  3420 | D:3      | Found an ancient bone altar of Kikubaaqudgha.
  3427 | D:3      | Found a shimmering altar of Xom.
  3552 | D:3      | Found a sparkling altar of Nemelex Xobeh.
  3642 | D:4      | Reached skill level 1 in Translocations
  3642 | D:4      | Reached skill level 1 in Poison Magic
  3822 | D:4      | Noticed Ijyb
  3830 | D:4      | Killed from afar by Ijyb

Illustrated notes

Levels and vault maps discovered:
D:1:      amcnicky_arrival_blooded_trapdoor, layout_basic,
          shapermc_ecumenical_altar_venn
D:2:      layout_basic, grunt_ministairs_1
D:3:      layout_basic, mainiacjoe_overflow_six_doors_small,
          lemuel_crystal_altar, nemelex_altar_shiori, ebering_ghost_sewer_f
D:4:      layout_cave_pools, lemuel_round_altar, uniq_ijyb

Skill      XL: |  1  2  3  4  5 |
---------------+----------------+-----
Conjurations   | 5 6 |  6.8
Spellcasting   | 4 5 |  5.0
Translocations | 1 |  1.0
Poison Magic   | 1 |  1.0
Dodging        | |  2.4
Stealth        | |  2.4

Action                     |  1- 3 |  4- 6 || total
---------------------------+-------+-------++-------
   Cast: Magic Dart        |    63 |    75 ||   138
         Searing Ray       |     3 |     5 ||     8
    Use: Scroll            |       |    10 ||    10
 Armour: Robe              |     8 |    10 ||    18
  Dodge: Dodged            |    11 |    13 ||    24

Table legend: (Time is in decaauts)
 A = Elapsed time spent in this place.
 B = Non-inter-level travel time spent in this place.
 C = Inter-level travel time spent in this place.
 D = Time resting spent in this place.
 E = Time spent auto-exploring this place.
 F = Levels seen in this place.
 G = Mean time per level.
                   A        B        C        D        E       F      G
               +--------+--------+--------+--------+--------+-----+--------+
         Total |   3835 |   3501 |    334 |    632 |   2256 |   4 |  958.8 |
       Dungeon |   3835 |   3501 |    334 |    632 |   2256 |   4 |  958.8 |
               +--------+--------+--------+--------+--------+-----+--------+

Top non-repeatable levels by time:
     D:1: 1599 daAuts
     D:2: 1217 daAuts
     D:3: 777 daAuts
     D:4: 241 daAuts
